 Dungeon Crawl Stone Soup version 0.29-a0-892-g2c4c91d9db (console) character file.

Game seed: 18361647548028307658

1633 CannotBeFrozen the Chopper (level 8, -3/70 HPs)
             Began as a Demigod Fighter on July 22, 2022.
             Slain by a wraith (6 damage)
             ... on level 6 of the Dungeon.
             The game lasted 00:12:30 (7280 turns).

CannotBeFrozen the Chopper (Demigod Fighter)        Turns: 7280, Time: 00:12:30

Health: -3/70      AC: 11    Str: 21    XL:     8   Next: 39%
Magic:  10/10      EV:  8    Int: 10    God:
Gold:   394        SH:  5    Dex: 17    Spells: 4/7 levels left

rFire   . . .      SeeInvis .   a - +3 war axe
rCold   . . .      Faith    .   c - +0 buckler
rNeg    . . .      Spirit   .   e - +0 chain mail
rPois   .          Reflect  .   l - +0 helmet
rElec   .          Harm     .   (no cloak)
rCorr   .          Rampage  .   w - +0 pair of gloves
Will    .....                   (no boots)
Stlth   ..........              (no amulet)
HPRegen 0.21/turn               (no ring)
MPRegen 0.12/turn               (no ring)

@: slowed, very slow
A: high MP 1, forlorn, divine attributes
a: no special abilities


You were on level 6 of the Dungeon.
You visited 1 branch of the dungeon, and saw 6 of its levels.

You collected 394 gold pieces.

Inventory:

Hand Weapons
 a - a +3 war axe (weapon)
 b - a +2 whip of electrocution
Missiles
 f - 46 stones
 g - 5 poisoned darts (quivered)
 s - 6 boomerangs
Armour
 c - a +0 buckler (worn)
 e - a +0 chain mail (worn)
 l - a +0 helmet (worn)
 w - a +0 pair of gloves (worn)
Wands
 y - a wand of mindburst (21)
Scrolls
 j - 7 scrolls of identify {unknown}
 k - 2 scrolls of magic mapping {unknown}
 n - 2 scrolls of teleportation {unknown}
 o - 2 scrolls of poison {unknown}
 q - a scroll of vulnerability {unknown}
 u - a scroll of torment {unknown}
 x - a scroll of enchant weapon {unknown}
Potions
 d - a potion of might
 h - 3 potions of degeneration {unknown}
 i - 3 potions of flight {unknown}
 m - 2 potions of mutation {unknown}
 p - 2 potions of curing {unknown}
 r - 2 potions of brilliance {unknown}
 t - a potion of heal wounds {@q2}
 v - a potion of lignification {unknown}


   Skills:
 + Level 5.9 Fighting
 * Level 7.6 Axes
 - Level 3.0 Armour
 - Level 2.0 Dodging
 + Level 4.4 Shields


You had 4 spell levels left.
You knew the following spells:

 Your Spells              Type           Power      Damage    Failure   Level
a - Swiftness             Air            0%         N/A       100%        3

Your spell library contained the following spells:

 Spells                   Type           Power      Damage    Failure   Level
 Apportation              Tloc           0%         N/A       99%         1
 Necrotise                Necr           0%         1d4       99%         1
 Shock                    Conj/Air       0%         1d3       99%         1
 Sting                    Tmut/Pois      0%         1d3       99%         1
 Summon Small Mammal      Summ           0%         N/A       99%         1
 Poisonous Vapours        Pois/Air       0%         N/A       100%        2
 Airstrike                Air            0%         0-1+      100%        4
 Olgreb's Toxic Radiance  Pois           0%         N/A       100%        4
 Summon Ice Beast         Ice/Summ       0%         N/A       100%        4
 Summon Mana Viper        Hex/Summ       0%         N/A       100%        5
 Monstrous Menagerie      Summ           0%         N/A       100%        7


Dungeon Overview and Level Annotations

Branches:
Dungeon (6/15)             Temple (0/1) D:5


Innate Abilities, Weirdness & Mutations

You have an increased reservoir of magic. (+10% MP)
You shall have no god before yourself.
Your divine heritage dramatically boosts your attributes as you level up.


Message History

The wraith drains your vigour!
You feel as though you will be slow longer.
The wraith hits you but does no damage.
HP: 35/70 (-4) ======------ You hit the wraith but do no damage.
The wraith is moderately damaged.
The wraith hits you!
* * * LOW HITPOINT WARNING * * *
The wraith barely misses you.
HP: 28/70 (-7) ====-------- !
You hit the wraith.
The wraith is heavily damaged.
The wraith completely misses you.
You slash the wraith!
The wraith is severely damaged.
The wraith hits you but does no damage. The wraith hits you!
* * * LOW HITPOINT WARNING * * *
HP: 18/70 (-11) ===--------- !
You barely miss the wraith.
The wraith is severely damaged.
You block the wraith's attack. The wraith hits you.
* * * LOW HITPOINT WARNING * * *
The wraith drains your vigour!
You feel as though you will be slow longer.
HP: 15/70 (-3) ==---------- You hit the wraith.
The wraith is severely damaged.
The wraith hits you but does no damage. The wraith hits you.
* * * LOW HITPOINT WARNING * * *
The wraith drains your vigour!
You feel as though you will be slow longer.
HP: 12/70 (-3) ==---------- You hit the wraith.
The wraith is almost destroyed.
The wraith hits you!
* * * LOW HITPOINT WARNING * * *
The wraith drains your vigour!
You feel as though you will be slow longer.
The wraith hits you.
You die...

#.....#
#.............
#.....#
#......#......
#..####
##############
#..### ##.†.#
#...###
#.....##
##.....##
##.....####
##.......##...
##...@W......
#####.......
..#.#.. ### #


You could see a wraith.

Vanquished Creatures
  Edmund (D:5)
  A water moccasin (D:5)
  A black bear (D:5)
  3 ogres
  A phantom (D:5)
  A bullfrog (D:5)
  2 scorpions
  5 wights
  A howler monkey (D:5)
  2 jellies
  An orc priest (D:5)
  4 iguanas
  Natasha (thrice) (D:2)
  2 orc wizards (D:5)
  Robin (D:1)
  3 gnolls
  5 adders
  A white imp (D:5)
  An ufetubus (D:4)
  2 worms (D:2)
  5 dart slugs
  9 orcs
  5 endoplasms
  A giant cockroach (D:4)
  15 goblins
  8 hobgoblins
  3 jackals (D:1)
  4 kobolds
  4 quokkas
  13 ball pythons
  4 bats
  4 frilled lizards
  5 rats
  A butterfly (D:2)
122 creatures vanquished.

Vanquished Creatures (others)
  7 plants (D:5)
7 creatures vanquished.

Grand Total: 129 creatures vanquished

Notes
Turn   | Place    | Note
-------+----------+-------------------------------------------
     0 | D:1      | CannotBeFrozen the Demigod Fighter began the quest for the
                  | Orb.
     0 | D:1      | Reached XP level 1. HP: 18/18 MP: 3/3
   148 | D:1      | Reached skill level 2 in Axes
   364 | D:1      | Reached XP level 2. HP: 25/25 MP: 4/4
  1190 | D:2      | Reached XP level 3. HP: 31/31 MP: 5/5
  1316 | D:2      | Noticed an ogre
  1387 | D:2      | Noticed Robin
  1545 | D:2      | Reached skill level 3 in Axes
  1624 | D:1      | Killed Robin
  1937 | D:2      | Reached XP level 4. HP: 29/38 MP: 6/6
  1941 | D:2      | Learned a level 3 spell: Swiftness
  2123 | D:2      | Noticed Natasha
  2136 | D:2      | Killed Natasha
  2290 | D:2      | Noticed Natasha
  2294 | D:2      | Killed Natasha
  2307 | D:2      | Noticed Natasha
  2316 | D:2      | Killed Natasha
  2317 | D:2      | Reached skill level 4 in Axes
  2502 | D:2      | Reached XP level 5. HP: 45/46 MP: 7/7
  2600 | D:2      | Killed an ogre
  3704 | D:3      | Reached XP level 6. HP: 29/52 MP: 8/8
  4820 | D:5      | Entered Level 5 of the Dungeon
  4834 | D:4      | Reached skill level 5 in Axes
  5080 | D:4      | Reached skill level 1 in Dodging
  5594 | D:5      | Reached XP level 7. HP: 46/57 MP: 9/9
  6097 | D:5      | Reached skill level 6 in Axes
  6104 | D:5      | Reached skill level 5 in Fighting
  6482 | D:5      | Found a staircase to the Ecumenical Temple.
  6493 | D:5      | Noticed Edmund
  6516 | D:5      | Killed Edmund
  6974 | D:5      | Reached XP level 8. HP: 69/69 MP: 10/10
  7051 | D:5      | Reached skill level 7 in Axes
  7280 | D:6      | HP: 3/70 [wraith (9)]
  7280 | D:6      | Slain by a wraith

Illustrated notes

Levels and vault maps discovered:
D:1:      dpeg_arrival_fog, layout_loops_ring,
          hellmonk_ecumenical_altar_inner_sanctum, corexii_corridor_pit
D:2:      layout_loops_ring, serial_aquarium, aquarium_bridge_island_large
          [aquarium_subvault_large_4_pools, aquarium_subvault_window,
          aquarium_subvault_balcony, aquarium_subvault_bridge,
          aquarium_subvault_bridge], aquarium_bridge_long_joined
          [aquarium_subvault_wall, aquarium_subvault_window,
          aquarium_subvault_bridge, aquarium_subvault_wall,
          aquarium_subvault_wall, aquarium_subvault_window],
          aquarium_window_fake, aquarium_window_fake, aquarium_window_corner,
          aquarium_view_4, aquarium_view_2e, aquarium_pool_split, basic_altar,
          kennysheep_generic_room_7, uniq_robin, uniq_natasha
D:3:      layout_loops_ring, kennysheep_generic_room_2
D:4:      layout_loops_ring, nicolae_sif_muna_condensation
D:5:      layout_rooms, minitemple, nicolae_elyvilon_temple_path,
          minmay_temple_entry_tees, grunt_decor_mini_mirrors, uniq_edmund
D:6:      layout_rooms, nicolae_tso_carved_into_rock,
          nicolae_shop_sticking_my_neck_out

Skill      XL: |  1  2  3  4  5  6  7  8 |
---------------+-------------------------+-----
Axes           | 2 3 4 5 6 7 |  7.6
Fighting       | 3 4 5 |  5.9
Shields        | 3 4 |  4.4
Armour         | 3 |  3.0
Dodging        | 1 2 |  2.0

Action                   |  1- 3 |  4- 6 |  7- 9 || total
-------------------------+-------+-------+-------++-------
Melee: War axe           |   121 |   128 |   144 ||   393
       Whip              |       |    64 |     9 ||    73
Throw: Dart              |       |     5 |     5 ||    10
  Use: Potion            |       |       |     1 ||     1
Armor: Scale mail        |    12 |       |       ||    12
       Chain mail        |    71 |    82 |    86 ||   239
Dodge: Dodged            |    59 |    58 |    51 ||   168
Block: Buckler           |    32 |    32 |    35 ||    99

Table legend: (Time is in decaauts)
 A = Elapsed time spent in this place.
 B = Non-inter-level travel time spent in this place.
 C = Inter-level travel time spent in this place.
 D = Time resting spent in this place.
 E = Time spent auto-exploring this place.
 F = Levels seen in this place.
 G = Mean time per level.
                   A        B        C        D        E       F      G
               +--------+--------+--------+--------+--------+-----+--------+
         Total |   7417 |   7243 |    174 |   2494 |   3327 |   6 | 1236.2 |
       Dungeon |   7417 |   7243 |    174 |   2494 |   3327 |   6 | 1236.2 |
               +--------+--------+--------+--------+--------+-----+--------+

Top non-repeatable levels by time:
     D:5: 1781 daAuts
     D:1: 1549 daAuts
     D:2: 1493 daAuts
     D:3: 1244 daAuts
     D:4: 1205 daAuts
     D:6: 144 daAuts
